 Dungeon Crawl Stone Soup version 0.29.1-2-gbd0b4ee654 (webtiles) character file.

Game seed: 7574675115182265505

165 zeram the Shield-Bearer (level 5, -4/70 HPs)
             Began as a Gnoll Fighter on Nov 18, 2022.
             Slain by a gnoll
             ... wielding a +0 halberd
             ... led by a gnoll bouda
              (7 damage)
             ... on level 3 of the Dungeon.
             The game lasted 00:02:46 (2748 turns).

zeram the Shield-Bearer (Gnoll Fighter)             Turns: 2748, Time: 00:02:46

Health: -4/70      AC: 10    Str: 18    XL:     5   Next: 46%
Magic:  7/7        EV:  9    Int:  7    God:
Gold:   205        SH:  5    Dex: 11    Spells: 7/7 levels left

rFire   . . .      SeeInvis .   a - +0 war axe
rCold   . . .      Faith    .   c - +0 buckler
rNeg    . . .      Spirit   .   b - +0 scale mail
rPois   .          Reflect  .   m - +1 helmet
rElec   .          Harm     .   (no cloak)
rCorr   .          Rampage  .   (no gloves)
Will    .....                   (no boots)
Stlth   ..........              (no amulet)
HPRegen 0.21/turn               (no ring)
MPRegen 0.10/turn               (no ring)

@: mighty, berserking (expiring), very quick
A: fangs 1, strong nose, distributed training
a: no special abilities


You were on level 3 of the Dungeon.
You visited 1 branch of the dungeon, and saw 3 of its levels.

You collected 205 gold pieces.

Inventory:

Hand Weapons
 a - a +0 war axe (weapon)
Missiles
 f - 2 throwing nets (quivered)
Armour
 b - a +0 scale mail (worn)
 c - a +0 buckler (worn)
 m - a +1 helmet (worn)
Wands
 h - a wand of mindburst (12)
Scrolls
 g - a scroll of enchant armour {unknown}
 j - a scroll of poison {unknown}
 l - 2 scrolls of teleportation
Potions
 e - a potion of cancellation
 k - a potion of resistance {unknown}


   Skills:
 + Level 6.7 Fighting
 + Level 1.6 Short Blades
 + Level 1.6 Long Blades
 + Level 4.8 Axes
 + Level 1.6 Maces & Flails
 + Level 1.6 Polearms
 + Level 1.6 Staves
 + Level 1.6 Ranged Weapons
 + Level 1.6 Throwing
 + Level 6.7 Armour
 + Level 1.6 Dodging
 + Level 1.6 Stealth
 + Level 6.7 Shields
 + Level 1.6 Unarmed Combat
 + Level 1.6 Spellcasting
 + Level 1.2 Conjurations
 + Level 1.2 Hexes
 + Level 1.2 Summonings
 + Level 1.2 Necromancy
 + Level 1.2 Translocations
 + Level 1.2 Transmutations
 + Level 1.2 Fire Magic
 + Level 1.2 Ice Magic
 + Level 1.2 Air Magic
 + Level 1.2 Earth Magic
 + Level 1.2 Poison Magic
 + Level 1.8 Invocations
 + Level 1.6 Evocations


You had 7 spell levels left.
You didn't know any spells.
Your spell library was empty.

Dungeon Overview and Level Annotations

Branches:
Dungeon (3/15)

Altars:
Xom


Innate Abilities, Weirdness & Mutations

You have very sharp teeth.
Your uncanny sense of smell can sniff out nearby items.
Your experience applies equally to all skills.


Message History

You barely miss the gnoll.
The gnoll is no longer moving quickly.
The gnoll barely misses you.
You slash the gnoll!
The gnoll is severely wounded.
You block the gnoll's attack. The gnoll barely misses you.
Unknown command.
You feel very mighty all of a sudden.
The gnoll is no longer moving quickly.
The gnoll hits you with a +0 flail!
* * * LOW HITPOINT WARNING * * *
It was a potion of berserk rage.
A red film seems to cover your vision as you go berserk!
You feel yourself moving faster!
You feel mighty!
The gnoll is no longer moving quickly.
The gnoll hits you with a +0 flail.
* * * LOW HITPOINT WARNING * * *
You are too berserk!
You barely miss the gnoll.
The gnoll is severely wounded.
The gnoll is no longer moving quickly.
You block the gnoll's attack.
You slash the gnoll!
You kill the gnoll!
You closely miss the gnoll.
The gnoll is lightly wounded.
The gnoll is no longer moving quickly.
The gnoll hits you but does no damage.
You slash the gnoll!
The gnoll is almost dead.
You block the gnoll's attack.
You closely miss the gnoll.
The gnoll is almost dead.
You block the gnoll's attack.
You completely miss the gnoll.
The gnoll is almost dead.
You block the gnoll's attack.
You slash the gnoll!
You kill the gnoll!
The gnoll barely misses you.
Items here: ))) [ †.
You slash the gnoll!
The gnoll is almost dead.
The gnoll hits you from afar with a +0 halberd!
You die...

##.##
#.##...#####
#.#
#.#........#
#.#
#.##...###.#
#.# ∆
#.###.## #.#
#.# # #.# #.#
#.# #.# #.
#.# #.# #.#
#.#
####..#S###.#
#.###.#####
......ggg@..#
#..........
....$[.######
#####.#####
####... #.#
#... #.# ##..
#.# .!. #.#
###. #.# #.
#....# #.####


You could see 3 gnolls and an adder.

Vanquished Creatures
  A gnoll bouda (D:3)
  Robin (D:3)
  2 gnolls (D:3)
  3 adders (D:2)
  3 dart slugs (D:2)
  4 bats
  3 endoplasms
  4 giant cockroaches
  11 goblins
  15 hobgoblins
  3 kobolds
  5 quokkas
  3 ball pythons
  3 frilled lizards
  7 rats
68 creatures vanquished.

Vanquished Creatures (others)
  A plant (D:2)
1 creature vanquished.

Grand Total: 69 creatures vanquished

Notes
Turn   | Place    | Note
-------+----------+-------------------------------------------
     0 | D:1      | zeram the Gnoll Fighter began the quest for the Orb.
     0 | D:1      | Reached XP level 1. HP: 23/23 MP: 1/1
    95 | D:1      | Reached XP level 2. HP: 23/29 MP: 2/2
   385 | D:1      | Reached XP level 3. HP: 32/35 MP: 3/3
   708 | D:1      | Reached skill level 1 in Invocations
   939 | D:2      | Reached skill level 1 in Short Blades
   939 | D:2      | Reached skill level 1 in Long Blades
   939 | D:2      | Reached skill level 1 in Maces & Flails
   939 | D:2      | Reached skill level 1 in Polearms
   939 | D:2      | Reached skill level 1 in Staves
   939 | D:2      | Reached skill level 1 in Ranged Weapons
   939 | D:2      | Reached skill level 1 in Throwing
   939 | D:2      | Reached skill level 1 in Dodging
   939 | D:2      | Reached skill level 1 in Stealth
   939 | D:2      | Reached skill level 1 in Unarmed Combat
   939 | D:2      | Reached skill level 1 in Spellcasting
   939 | D:2      | Reached skill level 1 in Evocations
   971 | D:2      | Reached XP level 4. HP: 29/41 MP: 5/5
  1471 | D:2      | Reached skill level 1 in Conjurations
  1471 | D:2      | Reached skill level 1 in Hexes
  1471 | D:2      | Reached skill level 1 in Summonings
  1471 | D:2      | Reached skill level 1 in Necromancy
  1471 | D:2      | Reached skill level 1 in Translocations
  1471 | D:2      | Reached skill level 1 in Transmutations
  1471 | D:2      | Reached skill level 1 in Fire Magic
  1471 | D:2      | Reached skill level 1 in Ice Magic
  1471 | D:2      | Reached skill level 1 in Air Magic
  1471 | D:2      | Reached skill level 1 in Earth Magic
  1471 | D:2      | Reached skill level 1 in Poison Magic
  1623 | D:2      | Found a faded altar of an unknown god.
  1767 | D:2      | Found a shimmering altar of Xom.
  2477 | D:3      | Noticed Robin
  2498 | D:3      | Killed Robin
  2501 | D:3      | Reached XP level 5. HP: 24/47 MP: 5/7
  2739 | D:3      | HP: 1/70 [gnoll/+0 flail[a gnoll bouda] (6)]
  2748 | D:3      | Slain by a gnoll

Illustrated notes

Levels and vault maps discovered:
D:1:      scummos_arrival_gate, layout_basic, minmay_box_of_dots
D:2:      layout_loops_cross, basic_ecumenical_altar, serial_forest,
          infiniplex_forest_lined_corner, infiniplex_forest_zigzag_2,
          infiniplex_forest_end_2, infiniplex_forest_end_2,
          infiniplex_forest_clump_small, infiniplex_forest_split,
          infiniplex_forest_zigzag_2, infiniplex_forest_clump_long,
          infiniplex_forest_clump_medium, basic_altar,
          chequers_serial_rivers_micro_a
D:3:      layout_loops_ring, serial_shops, shop, uniq_robin

Skill      XL: |  1  2  3  4 |
---------------+-------------+-----
Invocations    | 1 |  1.8
Short Blades   | 1 |  1.6
Long Blades    | 1 |  1.6
Maces & Flails | 1 |  1.6
Polearms       | 1 |  1.6
Staves         | 1 |  1.6
Ranged Weapons | 1 |  1.6
Throwing       | 1 |  1.6
Dodging        | 1 |  1.6
Stealth        | 1 |  1.6
Unarmed Combat | 1 |  1.6
Spellcasting   | 1 |  1.6
Evocations     | 1 |  1.6
Conjurations   | 1 |  1.2
Hexes          | 1 |  1.2
Summonings     | 1 |  1.2
Necromancy     | 1 |  1.2
Translocations | 1 |  1.2
Transmutations | 1 |  1.2
Fire Magic     | 1 |  1.2
Ice Magic      | 1 |  1.2
Air Magic      | 1 |  1.2
Earth Magic    | 1 |  1.2
Poison Magic   | 1 |  1.2
Fighting       | |  6.7
Axes           | |  4.8
Armour         | |  6.7
Shields        | |  6.7

Action                   |  1- 3 |  4- 6 || total
-------------------------+-------+-------++-------
Melee: War axe           |    94 |    93 ||   187
       Bite              |    11 |     6 ||    17
  Use: Scroll            |     2 |       ||     2
       Potion            |       |     2 ||     2
Armor: Scale mail        |    48 |    30 ||    78
Dodge: Dodged            |    51 |    33 ||    84
Block: Buckler           |    31 |    29 ||    60
